 Dungeon Crawl Stone Soup version 0.26-a0-844-g3dd439832f (webtiles) character file.

Game seed: 12367849806235368949

93 pablito the Grasshopper (level 4, 0/35 HPs)
             Began as a Barachi Warper on Nov 18, 2020.
             Slain by Jessica
             ... wielding a +0 dagger
              (3 damage)
             ... on level 2 of the Dungeon.
             The game lasted 00:05:41 (1797 turns).

pablito the Grasshopper (Barachi Warper)            Turns: 1797, Time: 00:05:42

Health: 0/35       AC:  4    Str: 10 (12) XL:     4   Next: 61%
Magic:  3/7        EV: 12    Int: 12 (13) God:
Gold:   57         SH:  0    Dex: 10 (13) Spells: 5/7 levels left

rFire    . . .     SeeInvis .   a - +0 falchion
rCold    . . .     Faith    .   (no shield)
rNeg     . . .     Spirit   .   b - +0 leather armour
rPois    .         Reflect  .   (no helmet)
rElec    .         Harm     .   (no cloak)
rCorr    .         Rampage  .   l - +0 pair of gloves
MR       .....                  (no boots)
Stlth    +.........             (no amulet)
HPRegen  0.11/turn              (no ring)
MPRegen  0.10/turn              (no ring)

@: lethally poisoned (0 -> -5), attractive, slow
A: +LOS, swims, slowness 1, strong legs 1
a: Hop


You were on level 2 of the Dungeon.
You visited 1 branch of the dungeon, and saw 2 of its levels.

You collected 57 gold pieces.

Inventory:

Hand Weapons
 a - a +0 falchion (weapon)
Missiles
 e - 5 boomerangs of dispersal (quivered)
Armour
 b - a +0 leather armour (worn)
 l - a +0 pair of gloves (worn)
Jewellery
 h - an uncursed ring of protection from cold {unknown}
Scrolls
 c - a scroll of teleportation
 d - 2 scrolls of blinking
 f - 2 scrolls of enchant weapon {unknown}
 j - a scroll of amnesia {unknown}
 m - a scroll of remove curse
 n - a scroll of enchant armour {unknown}
Potions
 i - a potion of attraction


   Skills:
 + Level 3.3 Fighting
 + Level 3.3 Long Blades
 - Level 1.0 Throwing
 + Level 2.4 Armour
 + Level 3.0 Dodging
 - Level 2.1 Spellcasting
 + Level 3.9 Translocations


You had 5 spell levels left.
You knew the following spells:

 Your Spells              Type           Power        Failure   Level
a - Blink                 Tloc           N/A          11%         2

Your spell library contained the following spells:

 Spells                   Type           Power        Failure   Level
 Gell's Gravitas          Tloc           ##........   22%         3
 Lesser Beckoning         Tloc           ##........   22%         3
 Teleport Other           Tloc           ##......     22%         3
 Passage of Golubria      Tloc           N/A          56%         4


Dungeon Overview and Level Annotations

Branches:
Dungeon (2/15)

Altars:

Annotations:
D:2 Jessica


Innate Abilities, Weirdness & Mutations

You can be seen from farther away. (+LOS)
You can swim through water.
You cover ground slowly.
You can hop short distances.


Message History

You feel weakened.
You feel dopey.
You feel clumsy.
* * * LOW HITPOINT WARNING * * *
You feel sick.
Jessica gestures wildly while chanting.
Jessica blinks!
It was a potion of magic.
Magic courses through your body. Jessica says, "Why did you come here?"
Casting: Blink (safe; 11% risk of failure)
Confirm with . or Enter, or press ? or * to list all spells.
You blink.
A goblin comes into view.
Jessica is pulled toward you! The goblin is pulled toward you!
* * * LOW HITPOINT WARNING * * *
You feel sick.
Jessica is no longer moving quickly.
Casting: Blink (safe; 11% risk of failure)
Confirm with . or Enter, or press ? or * to list all spells.
You blink.
The goblin is pulled toward you!
* * * LOW HITPOINT WARNING * * *
You feel sick. Jessica hits you with a +0 dagger.
You die...

### .### #.. ....##.#
##..#[.# #### ## .......#
..> #. ....###.# . ##.....#
## #.....##### #.
###..#.§)@.# ##..
##....#####@g######...# #..
#..##.........§.....#
#.#####.###..........######
#.#......^..#####....#
....###.##### ###...#
...........# #.#...
...........# #...##.
.†.........# ###>.


You could see Jessica and a goblin.

Vanquished Creatures
  A hound (D:2)
  3 adders (D:2)
  2 leopard geckos (D:1)
  3 giant cockroaches (D:1)
  7 goblins
  4 hobgoblins
  A quokka (D:2)
  4 bats
  2 frilled lizards
  5 kobolds (D:1)
  3 rats (D:1)
35 creatures vanquished.

Notes
Turn   | Place    | Note
-------+----------+-------------------------------------------
     0 | D:1      | pablito the Barachi Warper began the quest for the Orb.
     0 | D:1      | Reached XP level 1. HP: 17/17 MP: 3/3
     0 | D:1      | Noticed an elf
     2 | D:1      | Noticed a gargoyle
     2 | D:1      | Noticed a minotaur skeleton
     7 | D:1      | Noticed a draconian
    12 | D:1      | Noticed a gargoyle
    13 | D:1      | Noticed an ogre
   132 | D:1      | Reached XP level 2. HP: 19/23 MP: 5/5
   687 | D:1      | Reached XP level 3. HP: 25/28 MP: 6/6
  1327 | D:2      | Reached XP level 4. HP: 16/35 MP: 7/7
  1761 | D:2      | Noticed Jessica
  1766 | D:2      | Learned a level 2 spell: Blink
  1797 | D:2      | HP: 3/35 [poisoned by an adder]
  1797 | D:2      | Slain by Jessica

Illustrated notes

Levels and vault maps discovered:
D:1:      shiori_arrival_whats_in_store_for_you, layout_loops_ring,
          minmay_cupped
D:2:      layout_rooms, gammafunk_temple_overflow_elements, minivault_25,
          uniq_jessica

Skill      XL: |  1  2  3  4 |
---------------+-------------+-----
Fighting       | 3 |  3.3
Long Blades    | 3 |  3.3
Armour         | 2 |  2.4
Dodging        | 3 |  3.0
Throwing       | |  1.0
Spellcasting   | |  2.1
Translocations | |  3.9

Action                   |  1- 3 |  4- 6 || total
-------------------------+-------+-------++-------
Melee: Falchion          |    79 |    42 ||   121
 Cast: Blink             |       |     2 ||     2
  Use: Scroll            |     4 |       ||     4
       Potion            |       |     3 ||     3
Armor: Leather armour    |    23 |    15 ||    38
Dodge: Dodged            |    71 |    34 ||   105
       Rpst.: Falchion   |    26 |     8 ||    34

Table legend: (Time is in decaauts)
 A = Elapsed time spent in this place.
 B = Non-inter-level travel time spent in this place.
 C = Inter-level travel time spent in this place.
 D = Time resting spent in this place.
 E = Time spent auto-exploring this place.
 F = Levels seen in this place.
 G = Mean time per level.
                   A        B        C        D        E       F      G
               +--------+--------+--------+--------+--------+-----+--------+
         Total |   1938 |   1928 |     10 |    236 |   1327 |   2 |  969.0 |
       Dungeon |   1938 |   1928 |     10 |    236 |   1327 |   2 |  969.0 |
               +--------+--------+--------+--------+--------+-----+--------+

Top non-repeatable levels by time:
     D:1: 1062 daAuts
     D:2: 875 daAuts
